 Dungeon Crawl Stone Soup version 0.30-a0-34-gbe8da3892a (webtiles) character file.

Game seed: 11596581067439561584

170 BritishOli the Trooper (level 5, -1/42 HPs)
             Began as a Demonspawn Fighter on Aug 27, 2022.
             Slain by a gnoll bouda
             ... wielding a +0 whip
              (7 damage)
             ... on level 3 of the Dungeon.
             The game lasted 00:01:43 (2475 turns).

BritishOli the Trooper (Demonspawn Fighter)         Turns: 2475, Time: 00:01:44

Health: -1/42      AC: 12    Str: 18    XL:     5   Next: 26%
Magic:  5/5        EV:  9    Int:  9    God:
Gold:   166        SH: 10    Dex: 13    Spells: 4/4 levels left

rFire   . . .      SeeInvis .    a - +0 long sword
rCold   . . .      Faith    .    c - +0 buckler
rNeg    . . .      Spirit   .    b - +0 scale mail
rPois   .          Reflect  +    (no helmet)
rElec   .          Harm     .    (no cloak)
rCorr   .          Rampage  .    (no gloves)
Will    .....                    (no boots)
Stlth   ..........               h - amulet of reflection
HPRegen 0.14/turn                n - +4 ring of protection
MPRegen 0.09/turn                (no ring)

@: weakened
A: hooves 1, thin metallic scales 1, ignite blood 1
a: no special abilities


You were on level 3 of the Dungeon.
You visited 1 branch of the dungeon, and saw 3 of its levels.

You collected 166 gold pieces.

Inventory:

Hand Weapons
 a - a +0 long sword (weapon)
Armour
 b - a +0 scale mail (worn)
 c - a +0 buckler (worn)
Jewellery
 h - an amulet of reflection (around neck)
 n - a +4 ring of protection (left hand)
Scrolls
 e - a scroll of enchant armour {unknown}
 k - 2 scrolls of teleportation {unknown}
 l - a scroll of identify {unknown}
 m - a scroll of magic mapping {unknown}
 o - 3 scrolls of noise {unknown}
 q - a scroll of immolation {unknown}
 v - a scroll of fog {unknown}
 w - a scroll of amnesia {unknown}
Potions
 d - a potion of might
 f - a potion of cancellation {unknown}
 g - a potion of haste {unknown}
 i - a potion of heal wounds {unknown}
 j - 3 potions of degeneration {unknown}
 p - a potion of mutation {unknown}
 r - a potion of brilliance {unknown}
 s - a potion of flight {unknown}
 t - a potion of resistance {unknown}
 u - a potion of attraction {unknown}


   Skills:
 + Level 3.9 Fighting
 + Level 2.8 Long Blades
 + Level 3.5 Armour
 + Level 3.6 Shields


You had 4 spell levels left.
You didn't know any spells.
Your spell library was empty.

Dungeon Overview and Level Annotations

Branches:
Dungeon (3/15)

Altars:
Uskayaw


Innate Abilities, Weirdness & Mutations

You have large cloven feet.
You are partially covered in thin metallic scales. (AC +2)
Your demonic aura sometimes causes spilled blood to erupt in flames.


Message History

The gnoll bouda mumbles some strange prayers to its god.
The gnoll bouda is healed somewhat.
You hit the gnoll bouda but do no damage.
You kick the gnoll bouda.
The gnoll bouda is severely wounded.
You block the gnoll's attack.
The gnoll bouda hits you but does no damage.
The gnoll barely misses you.
Unknown command.
You barely miss the gnoll bouda.
The gnoll bouda is severely wounded.
The gnoll is no longer moving quickly.
The gnoll bouda barely misses you. You block the gnoll's attack.
The gnoll bouda gazes fiercely through you!
You feel your attacks grow feeble.
The gnoll bouda hits you with a +0 whip.
You hit the gnoll bouda.
You kick the gnoll bouda, but do no damage.
The gnoll bouda is severely wounded.
The gnoll is no longer moving quickly.
You block the gnoll's attack.
The gnoll bouda utters an invocation to its god.
The gnoll bouda is healed somewhat.
Unknown command.
You hit the gnoll bouda. You kick the gnoll bouda.
The gnoll bouda is almost dead.
The gnoll is no longer moving quickly.
You block the gnoll's attack.
The gnoll bouda gazes fiercely through you!
You feel as though you will be weak longer.
The gnoll bouda hits you with a +0 whip.
* * * LOW HITPOINT WARNING * * *
The gnoll closely misses you.
You closely miss the gnoll bouda.
You kick the gnoll bouda, but do no damage.
The gnoll bouda is almost dead.
The gnoll bouda hits you with a +0 whip.
* * * LOW HITPOINT WARNING * * *
The gnoll hits you from afar with a +0 spear.
* * * LOW HITPOINT WARNING * * *
The gnoll bouda hits you with a +0 whip!
You die...

##.......###.#
#.#######...#
#.# #.### #'#
#.# ... #.##
... #.#.## ...
#.###.### ..#
##.g########.
...
##.ggg@.......
....
#..gg######.#.
...
#.#.#.#.......
..#
#####g..P.PPP.
#g.P....PP
#.......P.
#..P......
#..PP.P..P
#.....PPPP


You could see a gnoll bouda and 5 gnolls.

Vanquished Creatures
  A scorpion (D:2)
  2 gnolls (D:1)
  4 adders (D:2)
  4 dart slugs
  A ball python (D:2)
  4 bats
  2 endoplasms (D:1)
  2 giant cockroaches (D:1)
  A goblin (D:1)
  7 hobgoblins
  3 jackals (D:1)
  4 quokkas
  5 frilled lizards
  6 kobolds
  5 rats
51 creatures vanquished.

Vanquished Creatures (others)
  3 plants (D:3)
3 creatures vanquished.

Grand Total: 54 creatures vanquished

Notes
Turn   | Place    | Note
-------+----------+-------------------------------------------
     0 | D:1      | BritishOli the Demonspawn Fighter began the quest for the
                  | Orb.
     0 | D:1      | Reached XP level 1. HP: 18/18 MP: 1/1
    35 | D:1      | Gained mutation: You have large cloven feet. [demonic
                  | ancestry]
    35 | D:1      | Reached XP level 2. HP: 14/24 MP: 2/2
   276 | D:1      | Found a faded altar of an unknown god.
   441 | D:1      | Gained mutation: Your demonic aura sometimes causes spilled
                  | blood to erupt in flames. [demonic ancestry]
   441 | D:1      | Reached XP level 3. HP: 29/29 MP: 3/3
  1251 | D:2      | Noticed a scorpion
  1268 | D:2      | Killed a scorpion
  1269 | D:2      | Gained mutation: You are partially covered in thin metallic
                  | scales. (AC +2) [demonic ancestry]
  1269 | D:2      | Reached XP level 4. HP: 7/37 MP: 4/4
  1624 | D:2      | Reached XP level 5. HP: 32/42 MP: 5/5
  2175 | D:3      | Found a hide-covered altar of Uskayaw.
  2475 | D:3      | Slain by a gnoll bouda

Illustrated notes

Levels and vault maps discovered:
D:1:      psy_arrival_terrarium, layout_basic, serial_aquarium,
          aquarium_bridge_straight [aquarium_subvault_bridge,
          aquarium_subvault_wall, aquarium_subvault_bridge,
          aquarium_subvault_wall], aquarium_bridge_straight
          [aquarium_subvault_bridge, aquarium_subvault_window,
          aquarium_subvault_bridge, aquarium_subvault_wall], aquarium_window_2,
          aquarium_window_1, aquarium_window_2, aquarium_window_fake,
          aquarium_view_2d, aquarium_balcony_double_2,
          hellmonk_ecumenical_altar_leap_of_faith, amethyst_killhole
D:2:      layout_basic
D:3:      layout_loops_corners, old_standard_altar, nicolae_grassy_gnolls

Skill      XL: |  1  2 |
---------------+-------+-----
Long Blades    | 2 |  2.8
Armour         | 3 |  3.5
Shields        | 3 |  3.6
Fighting       | |  3.9

Action                   |  1- 3 |  4- 6 || total
-------------------------+-------+-------++-------
Melee: Long sword        |    87 |   100 ||   187
       Kick              |    17 |    25 ||    42
Armor: Scale mail        |    42 |    63 ||   105
Dodge: Dodged            |    40 |    41 ||    81
Block: Buckler           |    36 |    72 ||   108

Table legend: (Time is in decaauts)
 A = Elapsed time spent in this place.
 B = Non-inter-level travel time spent in this place.
 C = Inter-level travel time spent in this place.
 D = Time resting spent in this place.
 E = Time spent auto-exploring this place.
 F = Levels seen in this place.
 G = Mean time per level.
                   A        B        C        D        E       F      G
               +--------+--------+--------+--------+--------+-----+--------+
         Total |   2535 |   2487 |     48 |    301 |   1782 |   3 |  845.0 |
       Dungeon |   2535 |   2487 |     48 |    301 |   1782 |   3 |  845.0 |
               +--------+--------+--------+--------+--------+-----+--------+

Top non-repeatable levels by time:
     D:1: 1206 daAuts
     D:2: 906 daAuts
     D:3: 422 daAuts
